Stars vs Jets
Created - January 11, 2021 at 19:11
Goals
|
| Stars |
2 |
0 |
0 |
2 |
| Jets |
1 |
1 |
2 |
4 |
|
Shots
|
| Stars |
10 |
7 |
15 |
32 |
| Jets |
17 |
12 |
11 |
40 |
|
1st period
1. Stars , Ian White 8 (Alex Chiasson 11) at 8:26
2. Stars , Guillaume Latendresse 28 (John Tavares 44) at 11:41
3. Jets , Nikolaj Ehlers 1 (Kevin Hayes 10, Jaccob Slavin 8) at 15:43
Penalties :
Cam Atkinson (Dal) for Boarding (Minor) at 16:48
2nd period
4. Jets , Robert Hagg 2 (Noel Acciari 3, Ronalds Kenins 2) at 5:23
Penalties :
Guillaume Latendresse (Dal) for Hooking (Minor) at 0:44, Brian Lee (Dal) for Hooking (Minor) at 5:47, Shane O'Brien (Dal) for Hooking (Minor) at 16:53
3rd period
5. Jets , Kevin Hayes 6 (Erik Haula 11, Michael Matheson 6) at 11:29
6. Jets , Ryan Johansen 18 (Nino Niederreiter 21) at 19:59
Penalties :
Marcus Johansson (Win) for Hooking (Minor) at 2:00
Goalie Stats
Cory Schneider (Dal), 36 saves from 40 shots - (0.900), L, 11-11-0, 60:00 minutes
Kari Lehtonen (Win), 30 saves from 32 shots - (0.938), W, 11-7-1, 60:00 minutes
Players Stats for Stars
Player Name G A P +/- PIM S H SB GA TA FO MP PP MP PK MP
------------------------------------------------------------------------------------
Alex Chiasson 0 1 1 1 0 2 0 0 0 1 0/1 14:16 0:48 0:00
Alexander Frolov 0 0 0 -1 0 2 1 0 0 0 0/0 13:37 0:00 1:36
Antoine Vermette 0 0 0 1 0 3 2 1 0 1 6/8 15:08 0:48 0:44
B.J. Crombeen 0 0 0 -1 0 4 0 1 0 0 0/0 12:01 0:00 0:00
Boris Valabik 0 0 0 -2 0 0 0 1 0 0 0/0 19:07 0:35 2:56
Brian Lee 0 0 0 -1 2 2 1 1 2 1 0/0 25:21 1:24 3:25
Cam Atkinson 0 0 0 -1 2 0 0 0 2 0 0/0 7:26 0:00 0:00
Cory Emmerton 0 0 0 -1 0 0 0 0 0 0 1/6 12:01 0:00 0:00
Evgeny Grachev 0 0 0 -1 0 1 1 0 0 0 3/3 9:33 0:00 1:37
Guillaume Latendresse 1 0 1 -1 2 4 2 2 0 1 1/1 21:01 1:11 3:12
Ian White 1 0 1 -1 0 1 1 2 0 1 0/0 26:56 1:24 5:00
John Tavares 0 1 1 -1 0 4 2 0 1 0 20/34 22:25 1:11 4:13
Jussi Jokinen 0 0 0 1 0 3 1 0 1 0 0/1 16:46 0:48 2:21
Michael Grabner 0 0 0 -1 0 1 1 0 0 1 0/4 19:51 1:11 2:09
Paul Ladue 0 0 0 1 0 1 1 0 0 0 0/0 16:17 0:00 2:20
Shane O'Brien 0 0 0 -2 2 0 4 2 1 0 0/0 18:51 0:35 2:11
Ted Purcell 0 0 0 -1 0 0 1 0 0 0 0/0 7:26 0:00 0:00
Tyson Barrie 0 0 0 1 0 4 0 1 0 0 0/0 13:57 0:00 0:00
Players Stats for Jets
Player Name G A P +/- PIM S H SB GA TA FO MP PP MP PK MP
------------------------------------------------------------------------------------
Adam Henrique 0 0 0 0 0 5 0 1 1 0 3/3 19:31 4:19 0:15
Corey Perry 0 0 0 -2 0 2 0 1 0 1 1/1 16:42 3:37 0:00
Derek Stepan 0 0 0 -2 0 3 3 0 1 0 5/17 16:42 3:37 0:00
Erik Haula 0 1 1 3 0 2 4 0 0 0 2/5 11:47 0:00 0:45
Frank Vatrano 0 0 0 1 0 0 1 0 0 0 0/0 11:07 0:05 0:00
Jaccob Slavin 0 1 1 0 0 1 2 0 0 1 0/0 20:59 5:06 0:00
Jacob Trouba 0 0 0 0 0 0 2 0 1 1 0/0 19:41 2:50 1:18
Kevin Hayes 1 1 2 2 0 3 2 1 1 0 0/0 9:58 0:00 0:00
Marco Scandella 0 0 0 1 0 2 2 0 0 1 0/0 27:19 5:06 0:41
Marcus Johansson 0 0 0 -2 2 4 0 0 0 0 0/1 16:42 3:37 0:00
Michael Matheson 0 1 1 1 0 0 0 2 0 0 0/0 13:06 0:00 0:00
Nikolaj Ehlers 1 0 1 2 0 2 1 1 0 0 0/0 9:58 0:00 0:00
Nino Niederreiter 0 1 1 1 0 6 1 2 0 0 1/1 20:48 4:14 0:35
Noel Acciari 0 1 1 1 0 1 0 0 0 0 2/7 12:11 0:00 1:11
Robert Hagg 1 0 1 1 0 1 1 0 0 2 0/0 14:02 0:00 0:41
Ronalds Kenins 0 1 1 1 0 1 1 0 1 1 0/0 12:10 0:00 1:09
Ryan Johansen 1 0 1 1 0 5 0 0 0 0 13/23 20:24 4:19 0:03
Tyler Myers 0 0 0 1 0 2 1 2 1 0 0/0 24:53 2:50 1:18
3 Stars
1 - Kevin Hayes (Win)
2 - Erik Haula (Win)
3 - Nikolaj Ehlers (Win)
Power Play
Stars - 0 on 1 Attempt(s) - 0.00%
Jets - 0 on 4 Attempt(s) - 0.00%
Penalty Kill
Stars - 4 on 4 Attempt(s) - 100.00%
- Score 0 goal in Penalty Kill
Jets - 1 on 1 Attempt(s) - 100.00%
- Score 0 goal in Penalty Kill
Team Stat
Stars - Hits : 18 - Faceoff Wins : 31 - Blocked Shots : 11 - Penalty Minutes : 8
Jets - Hits : 21 - Faceoff Wins : 27 - Blocked Shots : 10 - Penalty Minutes : 2
Official
Referees : Unknown
Linesman : Unknown
Game Notes
No Game Note
Finance
Level 1 -- Attendance: 5495 (91.58%) -- Ticket Income $576,975
Level 2 -- Attendance: 4869 (97.38%) -- Ticket Income $316,485
Level 3 -- Attendance: 1886 (94.30%) -- Ticket Income $79,212
Level 4 -- Attendance: 3841 (96.03%) -- Ticket Income $92,184
Luxury Box -- Attendance: 1000 (100.00%) -- Ticket Income $182,000
Game was played at the MTS Center.
Total Attendance: 17091 (94.95%)
Total Ticket Income: $1,246,856
Other Income: $187,028
Total Income: $1,433,884
Stars
5 vs 5 Forward
Center Left Wing Right Wing Time % Phy DF OF
1 John Tavares Guillaume Latendresse Michael Grabner 40 1 2 2
2 Antoine Vermette Jussi Jokinen Alex Chiasson 30 1 2 2
3 Cory Emmerton Alexander Frolov B.J. Crombeen 20 1 2 2
4 Evgeny Grachev Ted Purcell Cam Atkinson 10 1 2 2
5 vs 5 Defense
Defense Defense Time % Phy DF OF
1 Ian White Brian Lee 40 1 2 2
2 Shane O'Brien Boris Valabik 30 1 2 2
3 Tyson Barrie Paul Ladue 20 1 2 2
4 Ian White Brian Lee 10 1 2 2
PowerPlay Forward
Center Left Wing Right Wing Time % Phy DF OF
1 John Tavares Guillaume Latendresse Michael Grabner 60 0 1 4
2 Antoine Vermette Jussi Jokinen Alex Chiasson 40 0 1 4
PowerPlay Defense
Defense Defense Time % Phy DF OF
1 Ian White Brian Lee 60 0 2 3
2 Shane O'Brien Boris Valabik 40 0 2 3
Penalty Kill 4 Players Forward
Center Wing Time % Phy DF OF
1 John Tavares Guillaume Latendresse 60 0 3 2
2 Jussi Jokinen Michael Grabner 40 0 3 2
Penalty Kill 4 Players Defense
Defense Defense Time % Phy DF OF
1 Ian White Brian Lee 60 0 3 2
2 Shane O'Brien Boris Valabik 40 0 3 2
Penalty Kill - 3 Players Forward
Forward Time % Phy DF OF
1 John Tavares 60 0 3 2
2 Guillaume Latendresse 40 0 3 2
Penalty Kill - 3 Players Defense
Defense Defense Time % Phy DF OF
1 Ian White Brian Lee 60 0 3 2
2 Shane O'Brien Boris Valabik 40 0 3 2
4 vs 4 Forward
Center Wing Time % Phy DF OF
1 John Tavares Guillaume Latendresse 60 0 2 3
2 Jussi Jokinen Michael Grabner 40 0 2 3
4 vs 4 Defense
Defense Defense Time % Phy DF OF
1 Ian White Brian Lee 60 1 2 2
2 Shane O'Brien Boris Valabik 40 1 2 2
Last Minutes Offensive
Center Left Wing Right Wing Defense Defense
John Tavares Guillaume Latendresse Michael Grabner Ian White Brian Lee
Last Minutes Defensive
Center Left Wing Right Wing Defense Defense
John Tavares Guillaume Latendresse Michael Grabner Ian White Brian Lee
Goaltenders
Starting : Cory Schneider
Backup : Matt Murray
Extra Forwards
Normal : Alexander Frolov, Cory Emmerton, Evgeny Grachev - PP : Alexander Frolov, Cory Emmerton - PK : Evgeny Grachev
Extra Defensemen
Normal : Tyson Barrie, Paul Ladue, Shane O'Brien - PP : Tyson Barrie - PK : Paul Ladue, Shane O'Brien
Penalty Shots
John Tavares, Guillaume Latendresse, Jussi Jokinen, Michael Grabner, Antoine Vermette
Scratches
Andrej Sustr (Healthy), Damien Brunner (Healthy)
Jets
5 vs 5 Forward
Center Left Wing Right Wing Time % Phy DF OF
1 Ryan Johansen Adam Henrique Nino Niederreiter 36 1 2 2
2 Derek Stepan Marcus Johansson Corey Perry 34 1 2 2
3 Erik Haula Nikolaj Ehlers Kevin Hayes 18 1 2 2
4 Noel Acciari Ronalds Kenins Frank Vatrano 12 1 2 2
5 vs 5 Defense
Defense Defense Time % Phy DF OF
1 Marco Scandella Tyler Myers 40 1 2 2
2 Jaccob Slavin Jacob Trouba 30 1 2 2
3 Michael Matheson Robert Hagg 20 0 3 2
4 Jacob Trouba Jaccob Slavin 10 2 2 1
PowerPlay Forward
Center Left Wing Right Wing Time % Phy DF OF
1 Ryan Johansen Adam Henrique Nino Niederreiter 55 0 0 5
2 Derek Stepan Marcus Johansson Corey Perry 45 0 0 5
PowerPlay Defense
Defense Defense Time % Phy DF OF
1 Jaccob Slavin Marco Scandella 60 0 1 4
2 Jacob Trouba Tyler Myers 40 0 1 4
Penalty Kill 4 Players Forward
Center Wing Time % Phy DF OF
1 Noel Acciari Ronalds Kenins 60 1 3 1
2 Erik Haula Nino Niederreiter 40 1 3 1
Penalty Kill 4 Players Defense
Defense Defense Time % Phy DF OF
1 Jacob Trouba Tyler Myers 60 1 4 0
2 Robert Hagg Marco Scandella 40 1 4 0
Penalty Kill - 3 Players Forward
Forward Time % Phy DF OF
1 Erik Haula 60 1 2 2
2 Nino Niederreiter 40 1 2 2
Penalty Kill - 3 Players Defense
Defense Defense Time % Phy DF OF
1 Tyler Myers Jacob Trouba 60 1 2 2
2 Marco Scandella Robert Hagg 40 1 2 2
4 vs 4 Forward
Center Wing Time % Phy DF OF
1 Ryan Johansen Adam Henrique 60 1 2 2
2 Derek Stepan Nino Niederreiter 40 1 2 2
4 vs 4 Defense
Defense Defense Time % Phy DF OF
1 Marco Scandella Tyler Myers 60 1 2 2
2 Jacob Trouba Jaccob Slavin 40 1 2 2
Last Minutes Offensive
Center Left Wing Right Wing Defense Defense
Ryan Johansen Adam Henrique Corey Perry Marco Scandella Tyler Myers
Last Minutes Defensive
Center Left Wing Right Wing Defense Defense
Ryan Johansen Erik Haula Nino Niederreiter Marco Scandella Tyler Myers
Goaltenders
Starting : Kari Lehtonen
Backup : Jonathan Bernier
Extra Forwards
Normal : Nino Niederreiter, Corey Perry, Adam Henrique - PP : Nino Niederreiter, Corey Perry - PK : Nino Niederreiter
Extra Defensemen
Normal : Jaccob Slavin, Marco Scandella, Jacob Trouba - PP : Tyler Myers - PK : Michael Matheson, Marco Scandella
Penalty Shots
Nino Niederreiter, Corey Perry, Adam Henrique, Ryan Johansen, Erik Haula
Scratches
None
% Time on Ice - Stars
Lines # - Real PCT - Wanted PCT - Time Play
Normal Forward
1 - 33% - 40% - 16:02
2 - 28% - 30% - 13:29
3 - 25% - 20% - 12:01
4 - 15% - 10% - 7:26
Normal Defense
1 - 37% - 40% - 18:03
2 - 34% - 30% - 16:25
3 - 28% - 20% - 13:57
4 - 1% - 10% - 0:33
PP Forward
1 - 60% - 60% - 1:11
2 - 40% - 40% - 0:48
PP Defense
1 - 71% - 60% - 1:24
2 - 29% - 40% - 0:35
PK Forward
1 - 73% - 60% - 5:47
2 - 27% - 40% - 2:09
PK Defense
1 - 61% - 60% - 4:51
2 - 39% - 40% - 3:05
PK3 Forward
1 - 0% - 60%
2 - 0% - 40%
PK3 Defense
1 - 0% - 60%
2 - 0% - 40%
44 Forward
1 - 0% - 60%
2 - 0% - 40%
44 Defense
1 - 0% - 60%
2 - 0% - 40%
Last Minute Offensive - 1:07
Last Minute Defensive - 0:00
Total
Forward - 60:00
Defense - 60:00
|
% Time on Ice - Jets
Lines # - Real PCT - Wanted PCT - Time Play
Normal Forward
1 - 31% - 36% - 14:58
2 - 27% - 34% - 13:05
3 - 20% - 18% - 9:58
4 - 22% - 12% - 11:00
Normal Defense
1 - 41% - 40% - 20:07
2 - 28% - 30% - 13:33
3 - 27% - 20% - 13:00
4 - 5% - 10% - 2:21
PP Forward
1 - 54% - 55% - 4:19
2 - 46% - 45% - 3:37
PP Defense
1 - 64% - 60% - 5:06
2 - 36% - 40% - 2:50
PK Forward
1 - 77% - 60% - 1:32
2 - 23% - 40% - 0:27
PK Defense
1 - 66% - 60% - 1:18
2 - 34% - 40% - 0:41
PK3 Forward
1 - 0% - 60%
2 - 0% - 40%
PK3 Defense
1 - 0% - 60%
2 - 0% - 40%
44 Forward
1 - 0% - 60%
2 - 0% - 40%
44 Defense
1 - 0% - 60%
2 - 0% - 40%
Last Minute Offensive - 0:00
Last Minute Defensive - 1:04
Total
Forward - 60:00
Defense - 60:00
|
Play-by-Play
1st period
0:01 of 1st period - Ryan Johansen wins face-off versus John Tavares in neutral zone.
0:10 of 1st period - Snap shot by John Tavares.
0:10 of 1st period - Shot Blocked by Nino Niederreiter.
0:16 of 1st period - Wrist shot by Guillaume Latendresse.
0:16 of 1st period - Stopped by Kari Lehtonen without a rebound.
0:17 of 1st period - Antoine Vermette wins face-off versus Derek Stepan in Jets zone.
0:20 of 1st period - Snap shot by Alex Chiasson.
0:20 of 1st period - Stopped by Kari Lehtonen without a rebound.
0:21 of 1st period - Antoine Vermette wins face-off versus Derek Stepan in Jets zone.
0:58 of 1st period - Slapshot by Erik Haula.
0:58 of 1st period - Shot Misses the Net.
1:00 of 1st period - Snap shot by Kevin Hayes.
1:00 of 1st period - Shot Misses the Net.
1:56 of 1st period - Wrist shot by Jussi Jokinen.
1:56 of 1st period - Stopped by Kari Lehtonen with a rebound.
2:36 of 1st period - Robert Hagg is hit by John Tavares and loses puck.
3:03 of 1st period - Tyler Myers is hit by Evgeny Grachev and loses puck.
3:24 of 1st period - Snap shot by Antoine Vermette.
3:24 of 1st period - Stopped by Kari Lehtonen without a rebound.
3:25 of 1st period - Antoine Vermette wins face-off versus Ryan Johansen in Jets zone.
3:34 of 1st period - Snap shot by Adam Henrique.
3:34 of 1st period - Shot Blocked by Tyson Barrie.
3:40 of 1st period - Wrist shot by Adam Henrique.
3:40 of 1st period - Shot Misses the Net.
3:42 of 1st period - Slapshot by Ryan Johansen.
3:42 of 1st period - Shot Misses the Net.
6:25 of 1st period - Ryan Johansen is hit by Antoine Vermette and loses puck.
7:09 of 1st period - B.J. Crombeen is hit by Kevin Hayes and loses puck.
7:37 of 1st period - Snap shot by Cam Atkinson.
7:37 of 1st period - Shot Misses the Net.
7:39 of 1st period - Snap shot by Cam Atkinson.
7:39 of 1st period - Shot Misses the Net.
7:41 of 1st period - Slapshot by Tyson Barrie.
7:41 of 1st period - Deflect By Jacob Trouba.
7:41 of 1st period - Stopped by Kari Lehtonen without a rebound.
7:42 of 1st period - John Tavares wins face-off versus Ryan Johansen in Jets zone.
7:49 of 1st period - Wrist shot by John Tavares.
7:49 of 1st period - Shot Blocked by Nino Niederreiter.
7:59 of 1st period - Jaccob Slavin is hit by Guillaume Latendresse and loses puck.
8:20 of 1st period - Snap shot by Marcus Johansson.
8:20 of 1st period - Stopped by Cory Schneider with a rebound.
8:26 of 1st period - Slapshot by Ian White.
8:26 of 1st period - Goal by Ian White - Stars : 1 - Jets : 0.
8:27 of 1st period - Adam Henrique wins face-off versus John Tavares in neutral zone.
8:31 of 1st period - Off-side.
8:32 of 1st period - John Tavares wins face-off versus Ryan Johansen in neutral zone.
8:41 of 1st period - Slapshot by John Tavares.
8:41 of 1st period - Shot Misses the Net.
8:43 of 1st period - Snap shot by Michael Grabner.
8:43 of 1st period - Deflect By John Tavares.
8:43 of 1st period - Shot Misses the Net.
8:43 of 1st period - Puck is out of play.
8:44 of 1st period - Corey Perry wins face-off versus Michael Grabner in Jets zone.
8:57 of 1st period - Wrist shot by Corey Perry.
8:57 of 1st period - Stopped by Cory Schneider with a rebound.
9:01 of 1st period - Snap shot by Derek Stepan.
9:01 of 1st period - Deflect By Marcus Johansson.
9:01 of 1st period - Stopped by Cory Schneider with a rebound.
9:21 of 1st period - Tyler Myers is hit by Antoine Vermette and loses puck.
10:21 of 1st period - John Tavares is hit by Tyler Myers.
10:45 of 1st period - Snap shot by Adam Henrique.
10:45 of 1st period - Stopped by Cory Schneider with a rebound.
11:35 of 1st period - Robert Hagg is hit by Michael Grabner.
11:39 of 1st period - Snap shot by John Tavares.
11:39 of 1st period - Shot Blocked by Corey Perry.
11:41 of 1st period - Snap shot by Guillaume Latendresse.
11:41 of 1st period - Goal by Guillaume Latendresse - Stars : 2 - Jets : 0.
11:42 of 1st period - Ryan Johansen wins face-off versus John Tavares in neutral zone.
11:47 of 1st period - Slapshot by Ryan Johansen.
11:47 of 1st period - Shot Blocked by Ian White.
11:49 of 1st period - Backhand shot by Jacob Trouba.
11:49 of 1st period - Shot Blocked by Ian White.
11:59 of 1st period - Snap shot by Ryan Johansen.
11:59 of 1st period - Shot Hit the Post.
12:18 of 1st period - Snap shot by Marcus Johansson.
12:18 of 1st period - Stopped by Cory Schneider with a rebound.
12:20 of 1st period - Snap shot by Corey Perry.
12:20 of 1st period - Stopped by Cory Schneider without a rebound.
12:21 of 1st period - Adam Henrique wins face-off versus Cory Emmerton in Stars zone.
12:22 of 1st period - Snap shot by Nino Niederreiter.
12:22 of 1st period - Stopped by Cory Schneider with a rebound.
12:24 of 1st period - Snap shot by Ryan Johansen.
12:24 of 1st period - Shot Misses the Net.
12:26 of 1st period - Slapshot by Tyler Myers.
12:26 of 1st period - Stopped by Cory Schneider with a rebound.
12:28 of 1st period - Slapshot by Tyler Myers.
12:28 of 1st period - Shot Blocked by B.J. Crombeen.
12:30 of 1st period - Wrist shot by Nino Niederreiter.
12:30 of 1st period - Stopped by Cory Schneider without a rebound.
12:31 of 1st period - Adam Henrique wins face-off versus Cory Emmerton in Stars zone.
12:34 of 1st period - Snap shot by Nino Niederreiter.
12:34 of 1st period - Shot Misses the Net.
12:56 of 1st period - Wrist shot by Adam Henrique.
12:56 of 1st period - Shot Misses the Net.
13:26 of 1st period - Snap shot by Ryan Johansen.
13:26 of 1st period - Stopped by Cory Schneider with a rebound.
13:28 of 1st period - Snap shot by Tyler Myers.
13:28 of 1st period - Stopped by Cory Schneider with a rebound.
13:30 of 1st period - Slapshot by Tyler Myers.
13:30 of 1st period - Shot Blocked by Shane O'Brien.
13:38 of 1st period - Backhand shot by Adam Henrique.
13:38 of 1st period - Stopped by Cory Schneider with a rebound.
13:52 of 1st period - Snap shot by Ryan Johansen.
13:52 of 1st period - Shot Misses the Net.
14:21 of 1st period - Snap shot by Adam Henrique.
14:21 of 1st period - Stopped by Cory Schneider without a rebound.
14:22 of 1st period - John Tavares wins face-off versus Derek Stepan in Stars zone.
14:43 of 1st period - Michael Grabner is hit by Jacob Trouba and loses puck.
14:54 of 1st period - Wrist shot by Jussi Jokinen.
14:54 of 1st period - Stopped by Kari Lehtonen without a rebound.
14:55 of 1st period - Antoine Vermette wins face-off versus Erik Haula in Jets zone.
14:56 of 1st period - Wrist shot by Alex Chiasson.
14:56 of 1st period - Shot Blocked by Michael Matheson.
14:58 of 1st period - Wrist shot by Alex Chiasson.
14:58 of 1st period - Stopped by Kari Lehtonen without a rebound.
14:59 of 1st period - Derek Stepan wins face-off versus Antoine Vermette in Jets zone.
15:01 of 1st period - Icing by Marcus Johansson.
15:02 of 1st period - Derek Stepan wins face-off versus Alex Chiasson in Jets zone.
15:35 of 1st period - Wrist shot by Kevin Hayes.
15:35 of 1st period - Stopped by Cory Schneider without a rebound.
15:36 of 1st period - Erik Haula wins face-off versus Michael Grabner in Stars zone.
15:41 of 1st period - Snap shot by Kevin Hayes.
15:41 of 1st period - Shot Blocked by Guillaume Latendresse.
15:43 of 1st period - Snap shot by Nikolaj Ehlers.
15:43 of 1st period - Goal by Nikolaj Ehlers - Stars : 2 - Jets : 1.
15:44 of 1st period - John Tavares wins face-off versus Derek Stepan in neutral zone.
16:12 of 1st period - Slapshot by Brian Lee.
16:12 of 1st period - Stopped by Kari Lehtonen with a rebound.
16:34 of 1st period - Snap shot by Kevin Hayes.
16:34 of 1st period - Stopped by Cory Schneider without a rebound.
16:35 of 1st period - Evgeny Grachev wins face-off versus Erik Haula in Stars zone.
16:35 of 1st period - Evgeny Grachev is hit by Erik Haula.
16:48 of 1st period - Minor Penalty to Cam Atkinson for Boarding.
16:49 of 1st period - John Tavares wins face-off versus Ryan Johansen in Stars zone.
16:49 of 1st period - John Tavares is hit by Marco Scandella.
18:16 of 1st period - Slapshot by Boris Valabik.
18:16 of 1st period - Shot Misses the Net.
18:30 of 1st period - Derek Stepan is hit by Alexander Frolov and loses puck.
18:48 of 1st period - Penalty to Cam Atkinson is over, Cam Atkinson is back on ice.
19:05 of 1st period - Snap shot by Erik Haula.
19:05 of 1st period - Stopped by Cory Schneider without a rebound.
19:06 of 1st period - Noel Acciari wins face-off versus Cory Emmerton in Stars zone.
19:32 of 1st period - Robert Hagg is hit by Paul Ladue and loses puck.
19:39 of 1st period - Wrist shot by Alex Chiasson.
19:39 of 1st period - Shot Blocked by Kevin Hayes.
19:53 of 1st period - Robert Hagg is hit by Shane O'Brien and loses puck.
19:58 of 1st period - Wrist shot by Evgeny Grachev.
19:58 of 1st period - Shot Blocked by Nikolaj Ehlers.
Goals for this period are 2 for Stars vs 1 for Jets.
Shots for this period are 10 for Stars vs 17 for Jets.
2nd period
0:01 of 2nd period - John Tavares wins face-off versus Derek Stepan in neutral zone.
0:10 of 2nd period - Michael Grabner is hit by Jacob Trouba.
0:14 of 2nd period - Wrist shot by Derek Stepan.
0:14 of 2nd period - Shot Misses the Net.
0:16 of 2nd period - Backhand shot by Jaccob Slavin.
0:16 of 2nd period - Shot Blocked by Brian Lee.
0:38 of 2nd period - Slapshot by Marco Scandella.
0:38 of 2nd period - Shot Misses the Net.
0:44 of 2nd period - Minor Penalty to Guillaume Latendresse for Hooking.
0:45 of 2nd period - John Tavares wins face-off versus Ryan Johansen in Stars zone.
1:19 of 2nd period - Snap shot by Derek Stepan.
1:19 of 2nd period - Shot Misses the Net.
2:44 of 2nd period - Penalty to Guillaume Latendresse is over, Guillaume Latendresse is back on ice.
2:49 of 2nd period - Slapshot by Jaccob Slavin.
2:49 of 2nd period - Shot Misses the Net.
2:51 of 2nd period - Slapshot by Robert Hagg.
2:51 of 2nd period - Deflect By Noel Acciari.
2:51 of 2nd period - Shot Misses the Net.
2:51 of 2nd period - Puck is out of play.
2:52 of 2nd period - Evgeny Grachev wins face-off versus Noel Acciari in Stars zone.
4:54 of 2nd period - Boris Valabik is hit by Erik Haula and loses puck.
5:21 of 2nd period - Snap shot by Noel Acciari.
5:21 of 2nd period - Stopped by Cory Schneider with a rebound.
5:23 of 2nd period - Snap shot by Robert Hagg.
5:23 of 2nd period - Goal by Robert Hagg - Stars : 2 - Jets : 2.
5:24 of 2nd period - John Tavares wins face-off versus Derek Stepan in neutral zone.
5:47 of 2nd period - Minor Penalty to Brian Lee for Hooking.
5:48 of 2nd period - John Tavares wins face-off versus Ryan Johansen in Stars zone.
6:15 of 2nd period - Corey Perry is hit by Ian White and loses puck.
6:31 of 2nd period - Icing by Marcus Johansson.
6:32 of 2nd period - John Tavares wins face-off versus Derek Stepan in Jets zone.
7:47 of 2nd period - Penalty to Brian Lee is over, Brian Lee is back on ice.
8:00 of 2nd period - Snap shot by Ronalds Kenins.
8:00 of 2nd period - Stopped by Cory Schneider with a rebound.
8:04 of 2nd period - Snap shot by Noel Acciari.
8:04 of 2nd period - Deflect By Shane O'Brien.
8:04 of 2nd period - Shot Misses the Net.
8:04 of 2nd period - Puck is out of play.
8:05 of 2nd period - Antoine Vermette wins face-off versus Noel Acciari in Stars zone.
8:30 of 2nd period - Brian Lee is hit by Ronalds Kenins and loses puck.
8:35 of 2nd period - Snap shot by Ronalds Kenins.
8:35 of 2nd period - Shot Misses the Net.
8:37 of 2nd period - Slapshot by Marco Scandella.
8:37 of 2nd period - Stopped by Cory Schneider with a rebound.
9:52 of 2nd period - Ronalds Kenins is hit by Jussi Jokinen and loses puck.
10:52 of 2nd period - Snap shot by Antoine Vermette.
10:52 of 2nd period - Stopped by Kari Lehtonen with a rebound.
10:54 of 2nd period - Slapshot by Paul Ladue.
10:54 of 2nd period - Stopped by Kari Lehtonen with a rebound.
10:56 of 2nd period - Snap shot by Antoine Vermette.
10:56 of 2nd period - Shot Misses the Net.
11:10 of 2nd period - Paul Ladue is hit by Frank Vatrano and loses puck.
11:52 of 2nd period - Icing by Ronalds Kenins.
11:53 of 2nd period - John Tavares wins face-off versus Noel Acciari in Jets zone.
11:56 of 2nd period - Wrist shot by John Tavares.
11:56 of 2nd period - Stopped by Kari Lehtonen with a rebound.
12:23 of 2nd period - Off-side.
12:24 of 2nd period - John Tavares wins face-off versus Marcus Johansson in neutral zone.
12:39 of 2nd period - Wrist shot by Michael Grabner.
12:39 of 2nd period - Deflect By Guillaume Latendresse.
12:39 of 2nd period - Stopped by Kari Lehtonen without a rebound.
12:40 of 2nd period - Ryan Johansen wins face-off versus John Tavares in Jets zone.
13:27 of 2nd period - Slapshot by Derek Stepan.
13:27 of 2nd period - Stopped by Cory Schneider with a rebound.
13:29 of 2nd period - Snap shot by Derek Stepan.
13:29 of 2nd period - Stopped by Cory Schneider with a rebound.
13:31 of 2nd period - Wrist shot by Jaccob Slavin.
13:31 of 2nd period - Stopped by Cory Schneider without a rebound.
13:32 of 2nd period - John Tavares wins face-off versus Derek Stepan in Stars zone.
13:48 of 2nd period - John Tavares is hit by Robert Hagg and loses puck.
14:05 of 2nd period - Slapshot by Alexander Frolov.
14:05 of 2nd period - Shot Misses the Net.
14:07 of 2nd period - Wrist shot by B.J. Crombeen.
14:07 of 2nd period - Stopped by Kari Lehtonen without a rebound.
14:08 of 2nd period - Ryan Johansen wins face-off versus Cory Emmerton in Jets zone.
14:35 of 2nd period - Shane O'Brien is hit by Derek Stepan and loses puck.
15:04 of 2nd period - Snap shot by Nikolaj Ehlers.
15:04 of 2nd period - Stopped by Cory Schneider without a rebound.
15:05 of 2nd period - Ryan Johansen wins face-off versus John Tavares in Stars zone.
15:06 of 2nd period - Slapshot by Adam Henrique.
15:06 of 2nd period - Stopped by Cory Schneider without a rebound.
15:07 of 2nd period - John Tavares wins face-off versus Ryan Johansen in Stars zone.
15:20 of 2nd period - Slapshot by Brian Lee.
15:20 of 2nd period - Stopped by Kari Lehtonen without a rebound.
15:21 of 2nd period - John Tavares wins face-off versus Derek Stepan in Jets zone.
15:48 of 2nd period - Alexander Frolov is hit by Nino Niederreiter.
15:56 of 2nd period - Slapshot by Adam Henrique.
15:56 of 2nd period - Stopped by Cory Schneider with a rebound.
16:16 of 2nd period - Kevin Hayes is hit by Ted Purcell and loses puck.
16:30 of 2nd period - Off-side.
16:31 of 2nd period - Derek Stepan wins face-off versus Michael Grabner in neutral zone.
16:34 of 2nd period - Slapshot by Marcus Johansson.
16:34 of 2nd period - Shot Misses the Net.
16:36 of 2nd period - Slapshot by Jaccob Slavin.
16:36 of 2nd period - Shot Blocked by Boris Valabik.
16:38 of 2nd period - Wrist shot by Marcus Johansson.
16:38 of 2nd period - Stopped by Cory Schneider with a rebound.
16:46 of 2nd period - Snap shot by Derek Stepan.
16:46 of 2nd period - Stopped by Cory Schneider without a rebound.
16:47 of 2nd period - Ryan Johansen wins face-off versus Jussi Jokinen in Stars zone.
16:53 of 2nd period - Minor Penalty to Shane O'Brien for Hooking.
16:54 of 2nd period - John Tavares wins face-off versus Ryan Johansen in Stars zone.
17:03 of 2nd period - Off-side.
17:04 of 2nd period - Ryan Johansen wins face-off versus John Tavares in neutral zone.
17:06 of 2nd period - Off-side.
17:07 of 2nd period - John Tavares wins face-off versus Ryan Johansen in neutral zone.
17:12 of 2nd period - Wrist shot by John Tavares.
17:12 of 2nd period - Stopped by Kari Lehtonen with a rebound.
17:43 of 2nd period - Slapshot by Marco Scandella.
17:43 of 2nd period - Shot Misses the Net.
18:53 of 2nd period - Penalty to Shane O'Brien is over, Shane O'Brien is back on ice.
18:54 of 2nd period - Shane O'Brien is hit by Marco Scandella and loses puck.
Goals for this period are 0 for Stars vs 1 for Jets.
Shots for this period are 7 for Stars vs 12 for Jets.
3rd period
0:01 of 3rd period - Ryan Johansen wins face-off versus Michael Grabner in neutral zone.
0:46 of 3rd period - Slapshot by Alexander Frolov.
0:46 of 3rd period - Stopped by Kari Lehtonen with a rebound.
1:06 of 3rd period - Noel Acciari is hit by Shane O'Brien and loses puck.
1:27 of 3rd period - Slapshot by Guillaume Latendresse.
1:27 of 3rd period - Stopped by Kari Lehtonen with a rebound.
1:37 of 3rd period - Snap shot by John Tavares.
1:37 of 3rd period - Shot Misses the Net.
2:00 of 3rd period - Minor Penalty to Marcus Johansson for Hooking.
2:01 of 3rd period - John Tavares wins face-off versus Noel Acciari in Jets zone.
2:03 of 3rd period - Snap shot by John Tavares.
2:03 of 3rd period - Shot Blocked by Tyler Myers.
2:05 of 3rd period - Slapshot by Ian White.
2:05 of 3rd period - Shot Blocked by Tyler Myers.
2:07 of 3rd period - Slapshot by Ian White.
2:07 of 3rd period - Deflect By John Tavares.
2:07 of 3rd period - Stopped by Kari Lehtonen without a rebound.
2:08 of 3rd period - Noel Acciari wins face-off versus John Tavares in Jets zone.
2:13 of 3rd period - Snap shot by Guillaume Latendresse.
2:13 of 3rd period - Shot Misses the Net.
2:15 of 3rd period - Backhand shot by Brian Lee.
2:15 of 3rd period - Deflect By John Tavares.
2:15 of 3rd period - Stopped by Kari Lehtonen without a rebound.
2:16 of 3rd period - John Tavares wins face-off versus Noel Acciari in Jets zone.
2:25 of 3rd period - Noel Acciari is hit by John Tavares and loses puck.
3:40 of 3rd period - Wrist shot by Adam Henrique.
3:40 of 3rd period - Shot Blocked by Antoine Vermette.
4:00 of 3rd period - Penalty to Marcus Johansson is over, Marcus Johansson is back on ice.
4:10 of 3rd period - Robert Hagg is hit by Shane O'Brien and loses puck.
4:46 of 3rd period - Icing by Ryan Johansen.
4:47 of 3rd period - Cory Emmerton wins face-off versus Ryan Johansen in Jets zone.
4:48 of 3rd period - Wrist shot by B.J. Crombeen.
4:48 of 3rd period - Shot Misses the Net.
4:50 of 3rd period - Slapshot by Jussi Jokinen.
4:50 of 3rd period - Shot Blocked by Adam Henrique.
4:52 of 3rd period - Slapshot by Tyson Barrie.
4:52 of 3rd period - Shot Misses the Net.
4:54 of 3rd period - Slapshot by Tyson Barrie.
4:54 of 3rd period - Stopped by Kari Lehtonen with a rebound.
4:56 of 3rd period - Snap shot by Jussi Jokinen.
4:56 of 3rd period - Shot Misses the Net.
4:58 of 3rd period - Wrist shot by Jussi Jokinen.
4:58 of 3rd period - Stopped by Kari Lehtonen with a rebound.
5:00 of 3rd period - Snap shot by Antoine Vermette.
5:00 of 3rd period - Stopped by Kari Lehtonen with a rebound.
5:33 of 3rd period - Cory Emmerton is hit by Erik Haula.
6:25 of 3rd period - Snap shot by Cory Emmerton.
6:25 of 3rd period - Shot Blocked by Michael Matheson.
6:41 of 3rd period - Snap shot by B.J. Crombeen.
6:41 of 3rd period - Stopped by Kari Lehtonen with a rebound.
6:43 of 3rd period - Snap shot by Cory Emmerton.
6:43 of 3rd period - Shot Misses the Net.
6:45 of 3rd period - Slapshot by Tyson Barrie.
6:45 of 3rd period - Stopped by Kari Lehtonen with a rebound.
6:47 of 3rd period - Slapshot by Tyson Barrie.
6:47 of 3rd period - Deflect By Frank Vatrano.
6:47 of 3rd period - Stopped by Kari Lehtonen with a rebound.
6:49 of 3rd period - Slapshot by Paul Ladue.
6:49 of 3rd period - Deflect By B.J. Crombeen.
6:49 of 3rd period - Stopped by Kari Lehtonen without a rebound.
6:50 of 3rd period - Ryan Johansen wins face-off versus John Tavares in Jets zone.
7:03 of 3rd period - Marco Scandella is hit by Guillaume Latendresse and loses puck.
7:16 of 3rd period - Alex Chiasson is hit by Derek Stepan and loses puck.
7:27 of 3rd period - Snap shot by Derek Stepan.
7:27 of 3rd period - Shot Misses the Net.
7:43 of 3rd period - Snap shot by Evgeny Grachev.
7:43 of 3rd period - Stopped by Kari Lehtonen with a rebound.
8:35 of 3rd period - Antoine Vermette is hit by Erik Haula and loses puck.
9:23 of 3rd period - Brian Lee is hit by Derek Stepan and loses puck.
9:42 of 3rd period - Guillaume Latendresse is hit by Kevin Hayes and loses puck.
9:54 of 3rd period - Paul Ladue is hit by Jaccob Slavin and loses puck.
10:05 of 3rd period - Snap shot by Nino Niederreiter.
10:05 of 3rd period - Stopped by Cory Schneider without a rebound.
10:06 of 3rd period - Nino Niederreiter wins face-off versus Antoine Vermette in Stars zone.
10:07 of 3rd period - Wrist shot by Ryan Johansen.
10:07 of 3rd period - Stopped by Cory Schneider with a rebound.
10:09 of 3rd period - Slapshot by Marco Scandella.
10:09 of 3rd period - Shot Blocked by Shane O'Brien.
10:25 of 3rd period - Snap shot by Nino Niederreiter.
10:25 of 3rd period - Shot Misses the Net.
10:27 of 3rd period - Snap shot by Marco Scandella.
10:27 of 3rd period - Stopped by Cory Schneider without a rebound.
10:28 of 3rd period - Guillaume Latendresse wins face-off versus Derek Stepan in Stars zone.
10:55 of 3rd period - Slapshot by Nino Niederreiter.
10:55 of 3rd period - Shot Misses the Net.
11:05 of 3rd period - Snap shot by Jussi Jokinen.
11:05 of 3rd period - Shot Misses the Net.
11:19 of 3rd period - Boris Valabik is hit by Nikolaj Ehlers.
11:29 of 3rd period - Slapshot by Kevin Hayes.
11:29 of 3rd period - Goal by Kevin Hayes - Stars : 2 - Jets : 3.
11:30 of 3rd period - Derek Stepan wins face-off versus John Tavares in neutral zone.
12:23 of 3rd period - Wrist shot by Alexander Frolov.
12:23 of 3rd period - Deflect By Cory Emmerton.
12:23 of 3rd period - Shot Misses the Net.
12:23 of 3rd period - Puck is out of play.
12:24 of 3rd period - Derek Stepan wins face-off versus Cory Emmerton in Jets zone.
12:55 of 3rd period - Wrist shot by B.J. Crombeen.
12:55 of 3rd period - Shot Misses the Net.
12:57 of 3rd period - Snap shot by Alexander Frolov.
12:57 of 3rd period - Stopped by Kari Lehtonen without a rebound.
12:58 of 3rd period - Ryan Johansen wins face-off versus John Tavares in Jets zone.
13:20 of 3rd period - Nino Niederreiter is hit by Brian Lee and loses puck.
13:43 of 3rd period - Snap shot by Adam Henrique.
13:43 of 3rd period - Shot Misses the Net.
13:45 of 3rd period - Wrist shot by Adam Henrique.
13:45 of 3rd period - Shot Misses the Net.
13:57 of 3rd period - Snap shot by Ryan Johansen.
13:57 of 3rd period - Shot Misses the Net.
13:59 of 3rd period - Snap shot by Ryan Johansen.
13:59 of 3rd period - Stopped by Cory Schneider without a rebound.
14:00 of 3rd period - Antoine Vermette wins face-off versus Derek Stepan in Stars zone.
17:15 of 3rd period - Off-side.
17:16 of 3rd period - Evgeny Grachev wins face-off versus Derek Stepan in neutral zone.
17:27 of 3rd period - Ted Purcell is hit by Jaccob Slavin and loses puck.
17:50 of 3rd period - Wrist shot by Ryan Johansen.
17:50 of 3rd period - Shot Misses the Net.
18:10 of 3rd period - Snap shot by B.J. Crombeen.
18:10 of 3rd period - Stopped by Kari Lehtonen without a rebound.
18:11 of 3rd period - John Tavares wins face-off versus Erik Haula in Jets zone.
18:12 of 3rd period - Snap shot by Michael Grabner.
18:12 of 3rd period - Stopped by Kari Lehtonen without a rebound.
18:13 of 3rd period - Erik Haula wins face-off versus John Tavares in Jets zone.
18:13 of 3rd period - Erik Haula is hit by Shane O'Brien.
19:02 of 3rd period - Slapshot by Ryan Johansen.
19:02 of 3rd period - Deflect By Nino Niederreiter.
19:02 of 3rd period - Stopped by Cory Schneider without a rebound.
19:03 of 3rd period - Barry Trotz call a timeout for Stars.
19:03 of 3rd period - Ryan Johansen wins face-off versus John Tavares in Stars zone.
19:06 of 3rd period - Wrist shot by Nino Niederreiter.
19:06 of 3rd period - Shot Misses the Net.
19:08 of 3rd period - Snap shot by Erik Haula.
19:08 of 3rd period - Stopped by Cory Schneider with a rebound.
19:10 of 3rd period - Snap shot by Ryan Johansen.
19:10 of 3rd period - Shot Misses the Net.
19:12 of 3rd period - Snap shot by Nino Niederreiter.
19:12 of 3rd period - Deflect By John Tavares.
19:12 of 3rd period - Stopped by Cory Schneider with a rebound.
19:14 of 3rd period - Snap shot by Erik Haula.
19:14 of 3rd period - Shot Blocked by Guillaume Latendresse.
19:20 of 3rd period - Slapshot by Ryan Johansen.
19:20 of 3rd period - Stopped by Cory Schneider without a rebound.
19:21 of 3rd period - Ryan Johansen wins face-off versus John Tavares in Stars zone.
19:33 of 3rd period - Snap shot by Ryan Johansen.
19:33 of 3rd period - Deflect By Nino Niederreiter.
19:33 of 3rd period - Stopped by Cory Schneider without a rebound.
19:34 of 3rd period - Ryan Johansen wins face-off versus John Tavares in Stars zone.
19:55 of 3rd period - Snap shot by Nino Niederreiter.
19:55 of 3rd period - Shot Misses the Net.
19:57 of 3rd period - Wrist shot by Nino Niederreiter.
19:57 of 3rd period - Shot Misses the Net.
19:59 of 3rd period - Snap shot by Ryan Johansen.
19:59 of 3rd period - Goal by Ryan Johansen - Stars : 2 - Jets : 4.
Goals for this period are 0 for Stars vs 2 for Jets.
Shots for this period are 15 for Stars vs 11 for Jets.